AoeStats
← web

African Clearing

506046486Analyzed
4v4 RM · 20d ago on Sep 12, 2026· 25m 42s· 8 players
Game mode
Random Map
Map size
Large (8 player)
Population
200
Speed
Normal
Resources
Standard
Victory
Conquest
Starting age
Dark Age
Ending age
Imperial Age
RankedLock teamsTeams togetherTeam positionsShared explorationLock speedFull tech treeHidden civsTurbo modeCheats
Victory
Defeat
🇺🇸 Mongols · United States
1257
+17
🇨🇳 Magyars · China
1195
+19
🇹🇼 Huns · Taiwan
1182
+20
🇨🇴 Hindustanis · Colombia
1118
+23
🇵🇪 Mongols · Peru
1319
-22
🇵🇪 Sicilians · Peru
1308
-21
🇵🇪 Tupi · Peru
1296
-21
🇵🇪 Vietnamese · Peru
1153
-15
web
5:30 Loom
14:24 Feudal Age
18:20 Castle Age
18:02 Fletching
19:56 Double-Bit Axe
21:08 Bow Saw
z先生
5:49 Loom
11:29 Feudal Age
22:01 Castle Age
23:21 Fletching
26:10 Wheelbarrow
SirR1ko
4:51 Loom
16:54 Feudal Age
20:54 Castle Age
19:39 Fletching
19:53 Town Watch
20:32 Double-Bit Axe
23:52 Wheelbarrow
山~~林~~涼
11:30 Feudal Age
12:27 Double-Bit Axe
13:32 Loom
15:00 Scale Barding Armor
15:40 Forging
18:42 Wheelbarrow
23:42 Castle Age
22:52 Gold Mining
25:24 Iron Casting
24:52 Husbandry
25:03 Bloodlines
25:05 Bow Saw
Marlok
6:29 Loom
14:50 Feudal Age
20:20 Castle Age
19:02 Double-Bit Axe
19:10 Stone Mining
19:32 Fletching
19:35 Gold Mining
chr0rk
5:01 Loom
15:16 Feudal Age
25:03 Castle Age
23:28 Fletching
LORD PETER
6:40 Loom
16:07 Feudal Age
17:36 Double-Bit Axe
21:48 Castle Age
21:22 Fletching
21:32 Padded Archer Armor
23:13 Horse Collar
24:15 Bodkin Arrow
24:36 Leather Archer Armor
25:22 Ballistics
Chaynis
5:59 Loom
13:51 Feudal Age
22:30 Castle Age
22:16 Wheelbarrow
22:18 Double-Bit Axe
Connection lost

Rejoining the realm…

Still unreachable

The connection could not be restored.

Session expired

The server has moved on; the page needs a fresh start.